 Seeded DCSS version 0.29-a0-902-g0f71de6fce (webtiles) character file.

Game seed: 31220725 (custom seed)

50 purpskrrrp the Shooter (level 4, 0/33 HPs)
             Began as a Formicid Hunter on July 25, 2022.
             Slain by a gnoll
             ... wielding a +0 halberd
              (15 damage)
             ... on level 2 of the Dungeon.
             The game lasted 00:05:58 (1907 turns).

purpskrrrp the Shooter (Formicid Hunter)            Turns: 1907, Time: 00:05:59

Health: 0/33       AC:  1    Str: 15    XL:     4   Next: 4%
Magic:  4/4        EV: 12    Int:  9    God:
Gold:   93         SH:  0    Dex: 19    Spells: 3/3 levels left

rFire   . . .      SeeInvis +   d - +0 great sword
rCold   . . .      Faith    .   (no shield)
rNeg    . . .      Spirit   .   (no body armour)
rPois   .          Reflect  .   (helmet unavailable)
rElec   .          Harm     .   o - +0 cloak
rCorr   .          Rampage  .   (no gloves)
Will    .....                   (no boots)
Stlth   ++........              (no amulet)
HPRegen 0.11/turn               (no ring)
MPRegen 0.09/turn               (no ring)

@: no status effects
A: permanent stasis, dig shafts and tunnels, antennae 3, four strong arms
a: Dig, Shaft Self


You were on level 2 of the Dungeon.
You visited 1 branch of the dungeon, and saw 2 of its levels.

You collected 93 gold pieces.

Inventory:

Hand Weapons
 a - a +0 shortbow
 d - a +0 great sword (weapon)
Armour
 c - a +0 leather armour
 f - a +2 leather armour of cold resistance
 o - a +0 cloak (worn)
Scrolls
 b - a scroll of immolation
 e - a scroll of identify
 g - a scroll of noise {unknown}
 j - a scroll of magic mapping {unknown}
 k - 3 scrolls of teleportation {unknown}
 l - a scroll of enchant armour {unknown}
Potions
 h - a potion of invisibility {unknown}
 i - 2 potions of cancellation
 m - a potion of brilliance {unknown}
 n - a potion of magic {unknown}


   Skills:
 - Level 2.1 Fighting
 + Level 3.1 Long Blades
 - Level 4.1 Ranged Weapons
 - Level 1.8 Dodging
 - Level 1.2 Stealth


You had 3 spell levels left.
You didn't know any spells.
Your spell library was empty.

Dungeon Overview and Level Annotations

Branches:
Dungeon (2/15)

Altars:
Nemelex Xobeh


Innate Abilities, Weirdness & Mutations

You cannot be hasted, slowed, berserked, paralysed or teleported.
You can dig through walls and to a lower floor.
You have a pair of large antennae on your head. (SInv)
Your four strong arms can wield two-handed weapons with a shield.


Message History

The gnoll closely misses you.
The gnoll hits you from afar with a +0 halberd!
The gnoll barely misses you.
You barely miss the gnoll. The gnoll misses you.
The gnoll hits you with a +0 halberd!
You are too injured to fight recklessly!
You are too injured to fight recklessly!
You are too injured to fight recklessly!
You slash the gnoll!
You kill the gnoll!
p - a throwing net
Things that are here:
a +0 halberd; a gnoll corpse You start resting.
HP restored.
You sense a monster nearby.
A gnoll comes into view. It is wielding a +0 halberd.
A gnoll comes into view. It is wielding a +0 club.
The gnoll shouts!
The gnoll shouts!
Throw: throwing net
Press: ? - help, Q - select action, (/) - cycle Shift-Dir - straight line, f - gnoll
Aim: a gnoll, wielding a +0 club (65% to hit)
You throw a throwing net. The throwing net hits the gnoll.
The gnoll is caught in the net!
The gnoll struggles against the net.
The gnoll hits you from afar with a +0 halberd!
The gnoll struggles against the net.
You slice the gnoll!!
You kill the gnoll!
The gnoll barely misses you.
Your Long Blades skill increases to level 3!
You have reached level 4!
You feel clever. The gnoll hits you with a +0 halberd!
You see here a +0 club.
You slash the gnoll!
The gnoll is severely wounded.
The gnoll hits you with a +0 halberd!
You die...

#..# #.........# #..#
##........# #..#
#...._...# #..#
##.......# #..#
#.......# #..# #.......#
#..# ##.######
#..########..###########
#...............@g......
##)#########..###....#.#
##.# ##.# ....# ##.#
#..# ##### ##.# ##.#
##.# .. ##.# #.# ##.# ..
#.# #.#


You could see a gnoll.

Vanquished Creatures
  2 gnolls (D:2)
  A worm (D:2)
  2 dart slugs
  A ball python (D:1)
  3 giant cockroaches
  2 goblins (D:1)
  2 hobgoblins (D:1)
  A quokka (D:2)
  2 bats
  2 frilled lizards (D:1)
  4 kobolds
  4 rats
26 creatures vanquished.

Notes
Turn   | Place    | Note
-------+----------+-------------------------------------------
     0 | D:1      | purpskrrrp the Formicid Hunter began the quest for the Orb.
     0 | D:1      | Reached XP level 1. HP: 16/16 MP: 1/1
   272 | D:1      | Reached skill level 1 in Long Blades
   272 | D:1      | Reached XP level 2. HP: 19/22 MP: 2/2
  1117 | D:2      | Reached XP level 3. HP: 18/27 MP: 3/3
  1671 | D:2      | Found a sparkling altar of Nemelex Xobeh.
  1906 | D:2      | Reached XP level 4. HP: 23/33 MP: 4/4
  1907 | D:2      | Slain by a gnoll

Illustrated notes

Levels and vault maps discovered:
D:1:      matt_arrival_los_fun, layout_basic
D:2:      layout_basic, hellmonk_ecumenical_altar_prayer_group, basic_altar

Skill      XL: |  1  2  3 |
---------------+----------+-----
Long Blades    | 1 2 3 |  3.1
Fighting       | |  2.1
Ranged Weapons | |  4.1
Dodging        | |  1.8
Stealth        | |  1.2

Action                   |  1- 3 |  4- 6 || total
-------------------------+-------+-------++-------
Melee: Great sword       |    54 |     1 ||    55
Throw: Throwing net      |     1 |       ||     1
  Use: Scroll            |     1 |       ||     1
 Stab: Sleeping          |     3 |       ||     3
       Distracted        |     1 |       ||     1
Armor: Leather armour    |     1 |       ||     1
Dodge: Dodged            |    42 |       ||    42

Table legend: (Time is in decaauts)
 A = Elapsed time spent in this place.
 B = Non-inter-level travel time spent in this place.
 C = Inter-level travel time spent in this place.
 D = Time resting spent in this place.
 E = Time spent auto-exploring this place.
 F = Levels seen in this place.
 G = Mean time per level.
                   A        B        C        D        E       F      G
               +--------+--------+--------+--------+--------+-----+--------+
         Total |   1939 |   1924 |     15 |    517 |   1136 |   2 |  969.5 |
       Dungeon |   1939 |   1924 |     15 |    517 |   1136 |   2 |  969.5 |
               +--------+--------+--------+--------+--------+-----+--------+

Top non-repeatable levels by time:
     D:1: 1083 daAuts
     D:2: 856 daAuts
